 Dungeon Crawl Stone Soup version 0.21-a0-538-gd16b88a (webtiles) character file.

235 Lavandula the Poker (level 5, -4/41 HPs)
             Began as a Mummy Chaos Knight on Dec 16, 2017.
             Slain by an iguana (9 damage)
             ... on level 4 of the Dungeon.
             The game lasted 00:07:38 (3066 turns).

Lavandula the Poker (Mummy Chaos Knight)            Turns: 3066, Time: 00:07:38

Health: -4/41      AC:  6    Str: 15    XL:     5   Next: 76%
Magic:  5/5        EV: 11    Int: 11    God:    Xom [...*..]
Gold:   117        SH:  6    Dex: 13    Spells: 4/4 levels left

rFire    . . .     SeeInvis .   g - +0 spear (flame)
rCold    + . .     Gourm    .   (no shield)
rNeg     + + +     Faith    .   b - +2 leather armour
rPois    ∞         Spirit   .   j - +0 helmet
rElec    .         Reflect  +   (no cloak)
rCorr    .         Harm     .   (no gloves)
MR       .....                  (no boots)
Stlth    +.........             e - +6 amulet of reflection
HPRegen  0.13/turn              d - ring of protection from fire
MPRegen  0.09/turn              (no ring)

@: no status effects
A: no food or potions, fire vulnerability, cold resistance 1, negative energy
resistance 3, torment resistance, unbreathing
a: Renounce Religion


You were on level 4 of the Dungeon.
You worshipped Xom.
You were a favourite toy of Xom.
You were not hungry.

You visited 1 branch of the dungeon, and saw 4 of its levels.

You collected 117 gold pieces.

Inventory:

Hand Weapons
 a - a +0 spear of chaos
 c - a +0 whip of venom
 g - a +0 spear of flaming (weapon)
Missiles
 h - 6 curare-tipped needles
Armour
 b - a +2 leather armour (worn)
 j - a +0 helmet (worn)
Jewellery
 d - a ring of protection from fire (left hand)
 e - a +6 amulet of reflection (around neck)
Scrolls
 f - a scroll of identify
 i - 4 scrolls of remove curse
 k - a scroll of noise
 l - 2 scrolls of blinking


   Skills:
 - Level 3.1 Fighting
 + Level 5.4 Polearms
 - Level 1.5 Armour
 - Level 0.7 Dodging


You had 4 spell levels left.
You didn't know any spells.

Dungeon Overview and Level Annotations

Branches:
Dungeon (4/15)
 Temple: D:4-7

Altars:
Gozag
Xom

Annotations:
D:2 Sigmund


Innate Abilities, Weirdness & Mutations

You do not eat or drink.
Your flesh is vulnerable to fire.
You are immune to poison.
Your flesh is cold resistant. (rC+)
You are immune to negative energy. (rN+++)
You are immune to unholy pain and torment.
You can survive without breathing.


Message History

The iguana is heavily wounded.
You hit the iguana. You burn the iguana.
The iguana is severely wounded.
The iguana bites you!
You barely miss the iguana.
The iguana is severely wounded.
You block the iguana's attack.
You barely miss the iguana.
The iguana is severely wounded.
The iguana bites you but does no damage.
You hit the iguana but do no damage.
The iguana is severely wounded.
The iguana bites you!
* * * LOW HITPOINT WARNING * * *
You hit the iguana but do no damage.
The iguana is severely wounded.
The leopard gecko hisses menacingly.
The iguana bites you!
You die...
Xom chortles!

##..........##
#...........(#
#............#
#..........<.#
#..........##
##.....#...## .
....###.##### ...
#.....#.####.....
.........@lla....
.........##l.....
.........# .....
.......... ....
........#.. ...
........### ..
........# .
.......


You could see an iguana, a worker ant, a leopard gecko and a frilled lizard.

Vanquished Creatures
  An orc priest (D:3)
  4 gnolls (D:3)
  An ooze (shapeshifter) (D:1)
  An ooze (D:1)
  A dart slug (D:3)
  5 leopard geckos
  3 orcs (D:3)
  5 giant cockroaches
  4 goblins
  2 hobgoblins (D:3)
  15 jackals
  3 kobolds
  2 quokkas (D:3)
  6 bats
  2 frilled lizards
  A jackal skeleton (D:4)
  4 rats
60 creatures vanquished.

Vanquished Creatures (collateral kills)
  The ghost of slowtwitch the Covered, an amateur GrFi (D:3)
  Terence (D:3)
2 creatures vanquished.

Grand Total: 62 creatures vanquished

Notes
Turn   | Place    | Note
-------+----------+-------------------------------------------
     0 | D:1      | Lavandula the Mummy Chaos Knight began the quest for the Orb.
     0 | D:1      | Reached XP level 1. HP: 18/18 MP: 1/1
   103 | D:1      | XOM: divination: magic mapping
   132 | D:1      | Reached XP level 2. HP: 24/24 MP: 2/2
   277 | D:1      | Noticed a killer bee
   277 | D:1      | a river rat changed into a killer bee
   279 | D:1      | XOM: divination: detect creatures
   279 | D:1      | a killer bee changed into an ooze
   282 | D:1      | Reached skill level 3 in Polearms
   294 | D:1      | XOM: god gift: scroll labeled VEIWIR PEKHAKH {god gift}
   901 | D:2      | Noticed Sigmund
   910 | D:2      | XOM: potion effect (haste)
  1326 | D:1      | XOM: scenery: 1 doors close
  1362 | D:2      | Reached XP level 3. HP: 28/29 MP: 3/3
  1447 | D:3      | Reached skill level 4 in Polearms
  1457 | D:3      | Reached XP level 4. HP: 23/35 MP: 4/4
  1665 | D:2      | XOM: summons 2 hostile demons
  1693 | D:3      | XOM: divination: magic mapping
  1953 | D:3      | Found an opulent altar of Gozag.
  1995 | D:3      | Noticed Terence
  2011 | D:3      | XOM: butterfly on damage
  2022 | D:3      | XOM: summons 2 friendly demons
  2030 | D:3      | Killed Terence
  2118 | D:3      | XOM: scenery: create altars
  2186 | D:3      | Noticed a centaur
  2186 | D:3      | a scorpion changed into a centaur
  2197 | D:3      | Noticed an ogre
  2200 | D:3      | XOM: summons 4 friendly demons
  2201 | D:3      | Noticed slowtwitch's ghost (amateur GrFi)
  2201 | D:3      | Noticed a golden eye
  2201 | D:3      | an ogre changed into a golden eye
  2203 | D:3      | Noticed a wyvern
  2203 | D:3      | a golden eye changed into a wyvern
  2205 | D:3      | Noticed a porcupine
  2205 | D:3      | a wyvern changed into a porcupine
  2207 | D:3      | Noticed a tengu
  2207 | D:3      | a porcupine changed into a tengu
  2208 | D:3      | a tengu changed into a scorpion
  2572 | D:3      | Reached XP level 5. HP: 41/41 MP: 5/5
  2578 | D:3      | XOM: confuse monster(s)
  2745 | D:3      | XOM: summons 5 friendly demons
  2761 | D:3      | Killed slowtwitch's ghost
  2761 | D:3      | Reached skill level 5 in Polearms
  3066 | D:4      | Slain by an iguana

Vault maps used:
D:1:      minmay_arrival_widening_spiral_wide
D:2:      grunt_dithmenos_smoke, first_bread, uniq_sigmund
D:3:      grunt_gozag_breadcrumbs, minivault_26, kennysheep_generic_room_9,
          uniq_terence
D:4:      dancing_weapons_uskayaw, lemuel_crystal_altar,
          cheibrodos_sewer_entry_bend, enter_ossuary_1

Skill      XL: |  1  2  3  4  5 |
---------------+----------------+-----
Polearms       | 3 4 5 |  5.4
Fighting       | |  3.1
Armour         | |  1.5
Dodging        | |  0.7

Action                   |  1- 3 |  4- 6 || total
-------------------------+-------+-------++-------
Melee: Spear             |   134 |   134 ||   268
  Use: Scroll            |     3 |     2 ||     5
 Stab: Sleeping          |     1 |     1 ||     2
       Paralysed         |     1 |       ||     1
       Confused          |       |     1 ||     1
Armor: Leather armour    |    27 |    26 ||    53
Dodge: Dodged            |    51 |    42 ||    93
Block: Other             |    22 |    33 ||    55
       Reflection        |     2 |       ||     2

Table legend:
 A = Spawn XP
 B = Non-spawn XP
 C = Spawn XP percentage of total XP
 D = Spawn monster count
 E = Non-spawn monster count
 F = Spawn count percentage of total count
 G = Total turns spent on level
                    A         B        C        D         E        F      G
               +---------+---------+-------+---------+---------+-------+---------
         Total |       0 |     337 |   0.0 |       0 |      62 |   0.0 |  3066
               +---------+---------+-------+---------+---------+-------+---------
           D:1 |       0 |      34 |   0.0 |       0 |      14 |   0.0 |  1205
           D:2 |       0 |      18 |   0.0 |       0 |       9 |   0.0 |   361
           D:3 |       0 |     284 |   0.0 |       0 |      38 |   0.0 |  1475
           D:4 |       0 |       1 |   0.0 |       0 |       1 |   0.0 |    25
               +---------+---------+-------+---------+---------+-------+---------
